AoeStats
← Splujer

Arabia

509572841Analyzed
2v2 RM · 4d ago on Sep 27, 2026· 39m 47s· 4 players
Game mode
Random Map
Map size
Medium (4 player)
Population
200
Speed
Normal
Resources
Standard
Victory
Conquest
Starting age
Dark Age
Ending age
Imperial Age
RankedLock teamsTeams togetherTeam positionsShared explorationLock speedFull tech treeHidden civsTurbo modeCheats
Victory
Defeat
🇲🇽 Franks · Mexico
690
+11
🇲🇽 Maya · Mexico
689
+11
🇫🇷 Bengalis · France
610
-12
🇹🇷 Teutons · Türkiye
548
-10
Splujer
1:07 Loom
14:14 Feudal Age
15:22 Double-Bit Axe
15:31 Stone Mining
15:59 Horse Collar
18:22 Gold Mining
30:47 Wheelbarrow
29:58 Town Watch
34:41 Castle Age
32:35 Fletching
33:42 Forging
33:33 Padded Archer Armor
33:48 Scale Barding Armor
36:21 Bodkin Arrow
36:50 Heavy Plow
39:16 Fortified Wall
39:02 Murder Holes
Adags
12:41 Feudal Age
13:17 Horse Collar
13:24 Double-Bit Axe
16:01 Loom
25:11 Castle Age
AIOROS
0:26 Loom
9:53 Feudal Age
12:43 Fletching
13:55 Forging
14:14 Double-Bit Axe
15:31 Wheelbarrow
22:01 Castle Age
20:09 Gold Mining
20:08 Horse Collar
23:52 Thumb Ring
23:08 Crossbowman
23:46 Bodkin Arrow
23:52 Padded Archer Armor
26:35 Ballistics
25:56 Treadmill Crane
26:12 Murder Holes
26:28 Masonry
27:20 Leather Archer Armor
27:27 Stone Mining
27:51 Bow Saw
28:17 Arson
28:33 Squires
27:57 Eagle Warrior
28:03 Pikeman
29:15 Heavy Plow
31:56 Forging
31:47 Scale Mail Armor
32:45 Eagle Warrior
34:09 Iron Casting
33:49 Chain Mail Armor
37:19 Imperial Age
35:55 Herbal Medicine
38:13 Bracer
38:43 Ring Archer Armor
40:44 Blast Furnace
40:14 Plate Mail Armor
crazy84aac
11:31 Feudal Age
9:46 Loom
17:37 Forging
17:17 Fletching
21:40 Scale Barding Armor
28:40 Castle Age
27:16 Wheelbarrow
Connection lost

Rejoining the realm…

Still unreachable

The connection could not be restored.

Session expired

The server has moved on; the page needs a fresh start.